 Dungeon Crawl Stone Soup version 0.32-a0-22-g6ae6769602 (console) character file.

Game seed: 13589335862892097241

198759 jejorda2 the Warrior (level 18, -2/152 HPs)
             Began as a Gnoll Berserker on Jan 18, 2024.
             Was a High Priest of Trog.
             Killed from afar by a naga mage (27 damage)
             ... with a bolt of poison
             ... on level 4 of the Snake Pit.
             The game lasted 01:39:47 (32378 turns).

jejorda2 the Warrior (Gnoll Berserker)             Turns: 32378, Time: 01:39:48

Health: -2/152     AC: 34    Str: 25    XL:     18   Next: 45%
Magic:  34/34      EV: 22    Int: 12    God:    Trog [*****.]
Gold:   646        SH: 17    Dex: 10    Spells: 42/42 levels left

rFire   + + .        a - +5 war axe {spect, rPois rF+ Dex-5 SInv}
rCold   + . .        F - +1 tower shield {AC+3}
rNeg    + . .        Z - +18 Lear's hauberk
rPois   .            (helmet currently unavailable)
rElec   +            l - scarf {rC+ rF+}
rCorr   .            (gloves currently unavailable)
SInv    +            (boots currently unavailable)
Will    +++..        C - amulet of the acrobat
Stlth   ++           D - ring of the Hare {EV+10}
HPRegen 1.45/turn    u - ring "Cyxzuku" {rElec rN+ Str+3 Int+6}
MPRegen 0.24/turn

%: acrobat
@: lethally poisoned (-2 -> -28), strong-willed, poison vulnerable,
regenerating, studying 2 skills
A: fangs 1, strong nose, distributed training, persistent drain
}: 1/15 runes: serpentine
a: Renounce Religion, Berserk, Trog's Hand, Brothers in Arms


You were on level 4 of the Snake Pit.
You worshipped Trog.
Trog was extremely pleased with you.
You visited 4 branches of the dungeon, and saw 26 of its levels.
You also visited: Gauntlet.

You collected 2398 gold pieces.
You spent 1752 gold pieces at shops.

Inventory:

Hand Weapons
 a - the +5 war axe of the Ageless Things (weapon) {spect, rPois rF+ Dex-5 SInv}
   (You found it on level 1 of the Lair of Beasts)

   Dex-5:     It affects your dexterity (-5).
   rF+:       It protects you from fire.
   rPois:     It protects you from poison SInv: It lets you see invisible.
 b - the +3 flail of the Goat {spect, rN+}
   (You found it in a Gauntlet)

   rN+:       It protects you from negative energy.
Missiles
 c - 6 silver javelins
 i - 29 poisoned darts
 q - 11 boomerangs (quivered)
 r - 12 curare-tipped darts
 A - 21 javelins
 Q - 11 datura-tipped darts
 T - 3 throwing nets
Armour
 l - a scarf of resistance (worn)
 F - a +1 tower shield of protection (worn)
 Z - the +18 Lear's hauberk (worn)
   (You found it on level 14 of the Dungeon)
Jewellery
 u - the ring "Cyxzuku" (right hand) {rElec rN+ Str+3 Int+6}
   (You bought it in a shop on level 1 of the Snake Pit)

   [ring of intelligence]

   Str+3:     It affects your strength (+3).
   Int+6:     It affects your intelligence (+6).
   rElec:     It insulates you from electricity.
   rN+:       It protects you from negative energy.
 C - an amulet of the acrobat (around neck)
 D - the ring of the Hare (left hand) {EV+10}
   (You found it in a Gauntlet)

   [ring of evasion]

   EV+10:     It affects your evasion (+10).
 I - the ring of the Eight Persimmons {rCorr Str+6 Int+2 Dex+3}
   (You found it in a Gauntlet)

   [ring of strength]

   Str+6:     It affects your strength (+6).
   Int+2:     It affects your intelligence (+2).
   Dex+3:     It affects your dexterity (+3).
   rCorr:     It protects you from acid and corrosion.
 O - a ring of flight
Wands
 g - a wand of mindburst (7)
 m - a wand of flame (20)
 t - a wand of light (30)
 H - a wand of roots (23)
 P - a wand of digging (10)
Scrolls
 d - 14 scrolls of identify
 f - 3 scrolls of revelation
 h - 10 scrolls of teleportation
 z - 2 scrolls of vulnerability
 E - 2 scrolls of poison
 M - 4 scrolls of fog
 S - 3 scrolls of fear
 V - 3 scrolls of butterflies
 W - 2 scrolls of blinking
 Y - a scroll of immolation
Potions
 e - 2 potions of haste
 k - 4 potions of ambrosia
 o - 11 potions of curing
 p - 7 potions of heal wounds
 s - 4 potions of mutation
 v - 4 potions of lignification
 w - a potion of cancellation
 B - a potion of might
 K - 2 potions of enlightenment
 L - 3 potions of resistance
 N - 3 potions of attraction
 U - a potion of invisibility
Miscellaneous
 J - a sack of spiders


   Skills:
 + Level 16.3 Fighting
 + Level 12.8 Short Blades
 + Level 12.8 Long Blades
 + Level 14.2 Axes
 + Level 12.8 Maces & Flails
 + Level 12.8 Polearms
 + Level 12.8 Staves
 + Level 12.8 Ranged Weapons
 + Level 12.8 Throwing
 + Level 15.9 Armour
 + Level 13.5 Dodging
 + Level 12.8 Stealth
 + Level 12.8 Shields
 + Level 12.8 Unarmed Combat
 + Level 12.8 Spellcasting
 + Level 10.8 Conjurations
 + Level 10.8 Hexes
 + Level 10.8 Summonings
 + Level 10.8 Necromancy
 + Level 10.8 Translocations
 + Level 10.8 Fire Magic
 + Level 10.8 Ice Magic
 + Level 10.8 Air Magic
 + Level 10.8 Earth Magic
 + Level 10.8 Alchemy
 + Level 13.9 Invocations
 + Level 12.8 Evocations
 + Level 11.8 Shapeshifting


You had 42 spell levels left.
You didn't know any spells.
Your spell library was empty.

Dungeon Overview and Level Annotations

Branches:
Dungeon (15/15)            Temple (0/1) D:7            Lair (5/5) D:8
  Swamp (0/4) Lair:3        Snake (4/4) Lair:3        Slime (0/5) Lair:5
    Orc (2/2) D:9             Elf (0/3) Orc:2        Vaults (0/5) D:13
 Depths (0/4) D:15        Gauntlet (visited)

Altars:
Ashenzari
Dithmenos
Fedhas
Gozag
Makhleb
Nemelex Xobeh
Okawaru
Qazlal
Ru
Uskayaw
Vehumet
Wu Jian
Xom
Zin
Jiyva

Shops:
D:4 :?[=(   D:9 (   D:12 ?(   Orc:2 (![(!:   Snake:1 *([:=:?


Innate Abilities, Weirdness & Mutations

You have very sharp teeth.
Your uncanny sense of smell can sniff out nearby items.
Your experience applies equally to all skills.
Your health recovers twice as slowly from being drained.


Message History

The black mamba is moderately wounded.
Your +5 war axe of the Ageless Things {spect, rPois rF+ Dex-5 SInv} hits the black mamba!!
The black mamba bites you.
* * * LOW HITPOINT WARNING * * *
You block the black mamba's attack.
Your skin crawls.
You feel strong-willed.
Your +5 war axe of the Ageless Things {spect, rPois rF+ Dex-5 SInv} disappears.
The black mamba completely misses you. You block the black mamba's attack.
Unknown command.
You slash the black mamba!
You kill the black mamba!
Trog accepts your kill.
The naga warrior roars a battlecry!
The nagas go into a battle-frenzy!
The naga shouts!
You see here a black mamba corpse.
You are too injured to fight recklessly!
Your stone giant goes berserk!
The naga mage hits your stone giant with a +0 spear!!
Unknown command.
Throw: 11 boomerangs
Press: ? - help, Q - select action, (/) - cycle Shift-Dir - straight line, f - naga mage
Aim: a naga mage, wielding a +0 club (strong, 69% to hit)
You throw a boomerang.
The boomerang barely misses the naga mage.
The boomerang hits the naga!!
You kill the naga!
Trog accepts your kill.
The naga mage gestures at you while chanting.
The bolt of poison hits your stone giant.
Your stone giant is poisoned.
The bolt of poison hits you!!
You are poisoned.
* * * LOW HITPOINT WARNING * * *
Your stone giant hits the naga mage!
The naga mage gestures at you while chanting.
The bolt of poison hits you!!
You are lethally poisoned!
You die...

#.....
#...N. #..NN
#..N. #.#N#
#N#N# ##C#†#
#....##.#
#...@...#
#.[.........
#.^.########
#####


You could see a naga warrior, a salamander (strong), 2 naga magi, 3 nagas and a
friendly stone giant (summoned, berserk, poisoned).

Vanquished Creatures
  Mara (Snake:3)
  Saint Roka (Snake:3)
  Asterion (Snake:3)
  Aizul (Snake:3)
  6 nagarajas
  A cacodemon (Gauntlet)
  2 minotaurs
  Azrael (D:14)
  Josephine (Lair:4)
  6 hydras
  Erolcha (D:11)
  2 salamander tyrants
  Harold (D:10)
  20 anacondas
  An ogre mage (Orc:2)
  2 catoblepae
  A death scarab (Gauntlet)
  8 centaur warriors
  9 naga warriors
  A deep troll earth mage (D:15)
  A tengu warrior (D:14)
  3 boulder beetles
  6 two-headed ogres
  A death yak (Lair:2)
  3 orc high priests (Orc:2)
  A hell hog (Lair:5)
  7 naga sharpshooters
  3 shock serpents
  Sonja (Orc:1)
  An occultist (D:15)
  2 skysharks (Lair:5)
  4 salamander mystics
  3 skeletal warriors (D:15)
  4 spectral anacondas (Snake:3)
  A deep troll (shapeshifter) (D:15)
  14 mana vipers
  5 sea snakes (Snake:4)
  3 anaconda zombies (Snake:3)
  4 anaconda skeletons (Snake:3)
  4 lindwurms
  9 naga ritualists
  6 orc knights
  A deep elf pyromancer (D:12)
  4 orc sorcerers (Orc:2)
  A spectral boulder beetle (Gauntlet)
  An oklob plant (Lair:2)
  An ugly thing (D:8)
  4 manticores
  3 cyclopes
  16 salamanders
  6 guardian serpents
  10 elephants
  5 kobold blastminers
  3 torpor snails
  53 black mambas
  14 naga magi
  A gargoyle (D:12)
  An unseen horror (D:11)
  5 cane toads
  5 yaktaurs (D:15)
  A kobold demonologist (D:11)
  8 komodo dragons
  5 anaconda simulacra (Snake:3)
  5 rime drakes
  An efreet (D:15)
  6 trolls
  11 polar bears (Lair:5)
  Grinder (D:5)
  5 raiju (Lair:5)
  12 dream sheep
  16 blink frogs
  15 slime creatures
  Sigmund (D:6)
  3 shadows
  5 water elementals (D:15)
  62 yaks
  8 wyverns
  A vampire (D:13)
  2 fire elementals (D:14)
  5 wraiths
  2 steam dragons
  Grum (D:11)
  4 basilisks
  8 wargs
  3 neqoxecs (Gauntlet)
  Menkaure (D:5)
  13 vampire mosquitoes
  32 nagas
  2 swamp worms (Lair:3)
  2 chaos spawn (Gauntlet)
  3 acid dragons
  18 water moccasins
  13 hell hounds
  24 orc warriors
  2 laughing skulls (D:15)
  13 black bears
  3 ice beasts
  6 ogres
  37 wolves
  13 centaurs
  A phantom (D:5)
  2 kobold brigands
  15 bullfrogs
  4 scorpions
  2 gnoll sergeants
  17 killer bees (D:9)
  15 electric eels
  4 howler monkeys
  4 jellies
  13 orc priests
  3 bombardier beetles (D:5)
  2 hounds
  2 sleepcaps
  4 iguanas
  Ijyb (D:5)
  24 orc wizards
  Robin (D:4)
  7 adders
  11 gnolls
  A white imp (D:6)
  4 ufetubi
  3 ribbon worms
  78 orcs
  11 ball pythons
  6 bats
  6 endoplasms
  3 giant cockroaches
  19 goblins
  11 hobgoblins
  8 jackals
  4 quokkas
  4 frilled lizards
  13 kobolds
  3 rats
966 creatures vanquished.

Vanquished Creatures (collateral kills)
  An ogre mage (D:13)
  A boulder beetle (D:13)
  A two-headed ogre (D:13)
  2 skeletal warriors (D:15)
  A cyclops (D:13)
  A raiju (Lair:5)
  2 fire elementals (D:14)
9 creatures vanquished.

Vanquished Creatures (others)
  An angel (D:5)
  A naga warrior (Snake:2)
  An anaconda skeleton (Snake:3)
  A sky beast (D:8)
  An orc warrior (D:8)
  An ogre (Orc:1)
  A centaur (D:8)
  A wolf (Lair:5)
  A gnoll bouda (D:8)
  A gnoll (D:8)
  A white imp (D:8)
  21 spectral weapons
32 creatures vanquished.

Grand Total: 1007 creatures vanquished

Notes
Turn   | Place    | Note
-------+----------+-------------------------------------------
     0 | D:1      | jejorda2 the Gnoll Berserker began the quest for the Orb.
     0 | D:1      | Reached XP level 1. HP: 23/23 MP: 1/1
   140 | D:1      | Reached XP level 2. HP: 29/29 MP: 2/2
   432 | D:1      | Found a faded altar of an unknown god.
   473 | D:1      | Reached XP level 3. HP: 35/35 MP: 3/3
   709 | D:2      | Reached ** piety under Trog
   710 | D:2      | Reached skill level 1 in Invocations
   773 | D:2      | Reached skill level 1 in Short Blades
   773 | D:2      | Reached skill level 1 in Long Blades
   773 | D:2      | Reached skill level 1 in Maces & Flails
   773 | D:2      | Reached skill level 1 in Polearms
   773 | D:2      | Reached skill level 1 in Staves
   773 | D:2      | Reached skill level 1 in Ranged Weapons
   773 | D:2      | Reached skill level 1 in Throwing
   773 | D:2      | Reached skill level 1 in Stealth
   773 | D:2      | Reached skill level 1 in Shields
   773 | D:2      | Reached skill level 1 in Unarmed Combat
   773 | D:2      | Reached skill level 1 in Spellcasting
   773 | D:2      | Reached skill level 1 in Evocations
  1003 | D:2      | Reached skill level 1 in Shapeshifting
  1003 | D:2      | Reached XP level 4. HP: 41/41 MP: 5/5
  1831 | D:3      | Found a radiant altar of Vehumet.
  2005 | D:3      | Reached skill level 1 in Conjurations
  2005 | D:3      | Reached skill level 1 in Hexes
  2005 | D:3      | Reached skill level 1 in Summonings
  2005 | D:3      | Reached skill level 1 in Necromancy
  2005 | D:3      | Reached skill level 1 in Translocations
  2005 | D:3      | Reached skill level 1 in Fire Magic
  2005 | D:3      | Reached skill level 1 in Ice Magic
  2005 | D:3      | Reached skill level 1 in Air Magic
  2005 | D:3      | Reached skill level 1 in Earth Magic
  2005 | D:3      | Reached skill level 1 in Alchemy
  2415 | D:4      | Noticed Robin
  2416 | D:4      | Noticed a scorpion
  2435 | D:4      | Killed a scorpion
  2436 | D:4      | Reached XP level 5. HP: 44/47 MP: 5/7
  2439 | D:4      | Killed Robin
  2686 | D:4      | Found a burning altar of Makhleb.
  2711 | D:4      | Found Darol's Weapon Emporium.
  2753 | D:4      | Reached *** piety under Trog
  2767 | D:4      | Reached XP level 6. HP: 53/53 MP: 8/8
  2838 | D:4      | Found Vishaij's Jewellery Boutique.
  2877 | D:4      | Reached skill level 5 in Armour
  2877 | D:4      | Reached skill level 5 in Dodging
  2919 | D:4      | Found Qiupnaudgh's Antique Armour Shoppe.
  2924 | D:4      | Identified the +1 robe of Midnight {rPois}
  2954 | D:4      | Found Peunoah's Magic Scroll Shoppe.
  2967 | D:4      | Bought a scroll of identify for 24 gold pieces
  2977 | D:4      | Found Irrint's Book Shoppe.
  3408 | D:5      | Entered Level 5 of the Dungeon
  3459 | D:5      | Noticed Grinder
  3474 | D:5      | Paralysed by Grinder for 4 turns
  3479 | D:5      | Killed Grinder
  3480 | D:5      | Reached skill level 7 in Fighting
  3480 | D:5      | Reached XP level 7. HP: 49/60 MP: 10/10
  3680 | D:5      | Killed an angel
  3788 | D:5      | Noticed Menkaure
  3799 | D:5      | Killed Menkaure
  3800 | D:5      | Reached XP level 8. HP: 52/67 MP: 12/12
  4219 | D:5      | Found an opulent altar of Gozag.
  4314 | D:5      | Found a glowing silver altar of Zin.
  4314 | D:5      | Found a shimmering altar of Xom.
  4638 | D:5      | Noticed Ijyb
  4649 | D:5      | Killed Ijyb
  5156 | D:4      | Bought a pair of embroidered boots for 150 gold pieces
  5425 | D:6      | Found a stormy altar of Qazlal.
  5425 | D:6      | Noticed Sigmund
  5444 | D:6      | Killed Sigmund
  5451 | D:6      | Reached XP level 9. HP: 73/73 MP: 13/15
  5516 | D:6      | Found a sacrificial altar of Ru.
  5689 | D:6      | Found a broken altar of Ashenzari.
  5754 | D:6      | Found an iron altar of Okawaru.
  6081 | D:6      | Found an ornate altar of the Wu Jian Council.
  6206 | D:6      | Reached skill level 8 in Fighting
  6581 | D:7      | Noticed a two-headed ogre
  6589 | D:7      | Killed a two-headed ogre
  6590 | D:7      | Reached skill level 5 in Invocations
  7041 | D:7      | Reached skill level 5 in Short Blades
  7041 | D:7      | Reached skill level 5 in Long Blades
  7041 | D:7      | Reached skill level 5 in Maces & Flails
  7041 | D:7      | Reached skill level 5 in Polearms
  7041 | D:7      | Reached skill level 5 in Staves
  7041 | D:7      | Reached skill level 5 in Ranged Weapons
  7041 | D:7      | Reached skill level 5 in Throwing
  7041 | D:7      | Reached skill level 5 in Stealth
  7041 | D:7      | Reached skill level 5 in Shields
  7041 | D:7      | Reached skill level 5 in Unarmed Combat
  7041 | D:7      | Reached skill level 5 in Spellcasting
  7041 | D:7      | Reached skill level 5 in Evocations
  7041 | D:7      | Reached XP level 10. HP: 60/81 MP: 17/17
  7146 | D:7      | Found a staircase to the Ecumenical Temple.
  7416 | D:8      | Found a staircase to the Lair.
  7603 | D:8      | Found a blossoming altar of Fedhas.
  7708 | D:8      | Noticed a boulder beetle
  7721 | D:8      | Killed a boulder beetle
  7722 | D:8      | Reached skill level 5 in Shapeshifting
  7772 | D:8      | Noticed a centaur warrior
  7773 | D:8      | Noticed a brown ugly thing
  7782 | D:8      | Killed a centaur warrior
  7790 | D:8      | Killed a brown ugly thing
  7819 | D:8      | Reached **** piety under Trog
  7820 | D:8      | Reached skill level 9 in Fighting
  7875 | D:8      | Reached skill level 5 in Conjurations
  7875 | D:8      | Reached skill level 5 in Hexes
  7875 | D:8      | Reached skill level 5 in Summonings
  7875 | D:8      | Reached skill level 5 in Necromancy
  7875 | D:8      | Reached skill level 5 in Translocations
  7875 | D:8      | Reached skill level 5 in Fire Magic
  7875 | D:8      | Reached skill level 5 in Ice Magic
  7875 | D:8      | Reached skill level 5 in Air Magic
  7875 | D:8      | Reached skill level 5 in Earth Magic
  7875 | D:8      | Reached skill level 5 in Alchemy
  7924 | D:8      | Reached XP level 11. HP: 89/89 MP: 20/20
  7985 | D:8      | You fall into a shaft and drop 1 floor!
  7994 | D:8      | Found a hide-covered altar of Uskayaw.
  8315 | D:9      | Found a shadowy altar of Dithmenos.
  8633 | D:9      | Found a staircase to the Orcish Mines.
  8660 | D:9      | Noticed a two-headed ogre
  8679 | D:9      | Killed a two-headed ogre
  8791 | D:9      | Found Veng's Weapon Emporium.
  8802 | D:9      | Bought 4 curare-tipped darts for 62 gold pieces
  9494 | Lair:1   | Entered Level 1 of the Lair of Beasts
 10137 | Lair:1   | Identified the +1 trident "Cityl" {drain, rC+ Str+3 Int-5
                  | Dex+4}
 10451 | Lair:1   | Reached XP level 12. HP: 97/97 MP: 22/22
 10521 | Lair:1   | Identified the +5 war axe of the Ageless Things {spect,
                  | rPois rF+ Dex-5 SInv}
 10891 | Lair:1   | Reached skill level 10 in Fighting
 10891 | Lair:1   | Reached skill level 10 in Axes
 11187 | Lair:2   | Found a gate leading to a gauntlet.
 11203 | Lair:2   | Noticed a death yak
 11212 | Lair:2   | Killed a death yak
 11220 | Gauntlet | Entered a Gauntlet
 11220 | Gauntlet | Found a transporter.
 11220 | Gauntlet | Found a transporter.
 11247 | Gauntlet | Noticed a catoblepas
 11268 | Gauntlet | Found a transporter.
 11283 | Gauntlet | Found a transporter.
 11297 | Gauntlet | Found a transporter.
 11310 | Gauntlet | Found a transporter.
 11327 | Gauntlet | Found a transporter.
 11327 | Gauntlet | Found the ring of the Hare {EV+10}
 11327 | Gauntlet | Noticed a cacodemon
 11399 | Gauntlet | Found a transporter.
 11408 | Gauntlet | Found a transporter.
 11422 | Gauntlet | Found a transporter.
 11435 | Gauntlet | Found a transporter.
 11451 | Gauntlet | Found a transporter.
 11462 | Gauntlet | Noticed an entropy weaver
 11518 | Gauntlet | Found a transporter.
 11527 | Gauntlet | Noticed a death scarab
 11528 | Gauntlet | Found a transporter.
 11542 | Gauntlet | Found a transporter.
 11574 | Gauntlet | Found a transporter.
 11765 | Gauntlet | Killed a death scarab
 11775 | Gauntlet | Identified the +3 flail of the Goat {spect, rN+}
 11943 | Gauntlet | Gained mutation: Your health recovers twice as slowly from
                  | being drained. [a cacodemon]
 11953 | Gauntlet | Killed a cacodemon
 11966 | Gauntlet | Identified the +0 pair of gloves of the Neverending Knives
                  | {Str+3}
 12179 | Gauntlet | Noticed a minotaur
 12203 | Gauntlet | Killed a minotaur
 12204 | Gauntlet | Reached XP level 13. HP: 104/104 MP: 25/25
 12251 | Gauntlet | Found the +16 obsidian axe {drain, demonic, Mesm ^Drain Fly
                  | SInv}
 12257 | Gauntlet | Identified the ring of the Eight Persimmons {rCorr Str+6
                  | Int+2 Dex+3}
 12257 | Gauntlet | Identified the +7 short sword of Bodily Harmony {spect,
                  | ^Fragile Will+ rCorr}
 12368 | Lair:2   | Identified the +9 lajatang of the Evil Eye {pain, Stlth+}
 13617 | Lair:3   | Found a staircase to the Snake Pit.
 13627 | Lair:3   | Reached skill level 11 in Fighting
 13627 | Lair:3   | Reached skill level 10 in Armour
 13627 | Lair:3   | Reached skill level 10 in Dodging
 14015 | Lair:3   | Reached ***** piety under Trog
 14029 | Lair:3   | Found a staircase to the Swamp.
 14375 | Lair:4   | Noticed Josephine
 14385 | Lair:4   | Killed Josephine
 14407 | Lair:4   | Reached XP level 14. HP: 82/113 MP: 27/27
 14408 | Lair:4   | Reached skill level 10 in Invocations
 14602 | Lair:4   | Identified the +1 quarterstaff of Vimin {heavy, rElec rPois
                  | rC- Dex+2} (Trog gifted it to you on level 4 of the Lair of
                  | Beasts)
 14602 | Lair:4   | Received a gift from Trog
 15457 | Lair:5   | Entered Level 5 of the Lair of Beasts
 15641 | Lair:5   | Found a staircase to the Slime Pits.
 15641 | Lair:5   | Found a viscous altar of Jiyva.
 15947 | Lair:5   | Identified a scroll of acquirement
 15947 | Lair:5   | Acquired a manual of Armour
 18137 | D:4      | Bought 6 datura-tipped darts for 70 gold pieces
 18273 | D:10     | Entered Level 10 of the Dungeon
 18281 | D:10     | Reached skill level 12 in Fighting
 18281 | D:10     | Reached skill level 10 in Short Blades
 18281 | D:10     | Reached skill level 10 in Long Blades
 18281 | D:10     | Reached skill level 10 in Maces & Flails
 18281 | D:10     | Reached skill level 10 in Polearms
 18281 | D:10     | Reached skill level 10 in Staves
 18281 | D:10     | Reached skill level 10 in Ranged Weapons
 18281 | D:10     | Reached skill level 10 in Throwing
 18281 | D:10     | Reached skill level 10 in Stealth
 18281 | D:10     | Reached skill level 10 in Shields
 18281 | D:10     | Reached skill level 10 in Unarmed Combat
 18281 | D:10     | Reached skill level 10 in Spellcasting
 18281 | D:10     | Reached skill level 10 in Evocations
 18316 | D:10     | Found a sparkling altar of Nemelex Xobeh.
 18769 | D:10     | Noticed Harold
 18782 | D:10     | Killed Harold
 19120 | D:11     | Reached XP level 15. HP: 120/120 MP: 29/29
 19244 | D:11     | Noticed Grum
 19255 | D:11     | Killed Grum
 19348 | D:11     | Noticed Erolcha
 19356 | D:11     | Killed Erolcha
 19356 | D:11     | Received a gift from Trog
 19978 | D:12     | Found Utuliyre's Magic Scroll Shop.
 20020 | D:12     | Found Pyjoom's Weapon Shoppe.
 20507 | D:13     | Found a gate to the Vaults.
 21498 | D:14     | Noticed Azrael
 21509 | D:14     | Killed Azrael
 21528 | D:14     | Reached skill level 13 in Fighting
 21953 | D:14     | Found the +18 Lear's hauberk
 22473 | D:14     | Found a sparkling altar of Nemelex Xobeh.
 22498 | D:15     | Entered Level 15 of the Dungeon
 23174 | D:15     | Reached skill level 10 in Shapeshifting
 23395 | D:15     | Reached XP level 16. HP: 119/131 MP: 30/30
 23446 | D:15     | Found a staircase to the Depths.
 23887 | Orc:1    | Entered Level 1 of the Orcish Mines
 23997 | Orc:1    | Found a radiant altar of Vehumet.
 24082 | Orc:2    | Entered Level 2 of the Orcish Mines
 24090 | Orc:1    | Noticed Sonja
 24114 | Orc:1    | Killed Sonja
 24240 | Orc:1    | Received a gift from Trog
 24951 | Orc:2    | Found Ejeacwo's Book Shoppe.
 24951 | Orc:2    | Found Kasuom's Armour Shop.
 24953 | Orc:2    | Found Jejasch's Distillery.
 24953 | Orc:2    | Found Suth's Antique Weapon Shop.
 25034 | Orc:2    | Found Vicawuog's Distillery.
 25097 | Orc:2    | Bought a potion of cancellation for 120 gold pieces
 25178 | Orc:2    | Found Hovifoobb's Antique Weapon Boutique.
 25511 | Orc:2    | Found a staircase to the Elven Halls.
 25887 | Snake:1  | Entered Level 1 of the Snake Pit
 25893 | Snake:1  | Reached skill level 14 in Fighting
 26840 | Snake:1  | Found Neled's Magic Scroll Shoppe.
 27313 | Snake:1  | Found Bemal's Antique Armour Emporium.
 27396 | Snake:1  | Bought an embroidered scarf for 208 gold pieces
 27426 | Snake:1  | Found Xifeoco's Weapon Boutique.
 27626 | Snake:1  | Found Leiphid's General Store.
 27630 | Snake:1  | Bought a scroll of blinking for 90 gold pieces
 28009 | Snake:1  | Found Yqickymo's Book Boutique.
 28009 | Snake:1  | Found Caib's Jewellery Emporium.
 28010 | Snake:1  | Found Obbebiuxen's Book Boutique.
 28018 | Snake:1  | Bought the ring "Cyxzuku" {rElec rN+ Str+3 Int+6} for 1028
                  | gold pieces
 28335 | Snake:2  | Reached XP level 17. HP: 140/140 MP: 32/32
 28417 | Snake:2  | Reached skill level 10 in Conjurations
 28417 | Snake:2  | Reached skill level 10 in Hexes
 28417 | Snake:2  | Reached skill level 10 in Summonings
 28417 | Snake:2  | Reached skill level 10 in Necromancy
 28417 | Snake:2  | Reached skill level 10 in Translocations
 28417 | Snake:2  | Reached skill level 10 in Fire Magic
 28417 | Snake:2  | Reached skill level 10 in Ice Magic
 28417 | Snake:2  | Reached skill level 10 in Air Magic
 28417 | Snake:2  | Reached skill level 10 in Earth Magic
 28417 | Snake:2  | Reached skill level 10 in Alchemy
 28810 | Snake:2  | Reached skill level 15 in Fighting
 28928 | Snake:2  | Received a gift from Trog
 30203 | Snake:3  | Noticed Mara
 30217 | Snake:3  | Noticed jejorda2's illusion
 30236 | Snake:3  | Killed Mara
 30237 | Snake:3  | Reached skill level 15 in Armour
 30341 | Snake:3  | Noticed Asterion
 30426 | Snake:3  | Killed Asterion
 30717 | Snake:3  | Identified the serpent talisman "Naitrip" {Will+ Str+3
                  | Stlth+}
 30717 | Snake:3  | Noticed Aizul
 30736 | Snake:3  | Killed Aizul
 30828 | Snake:3  | Noticed Saint Roka
 30857 | Snake:3  | Killed Saint Roka
 31260 | Snake:3  | Received a gift from Trog
 31311 | Snake:3  | Reached XP level 18. HP: 118/151 MP: 34/34
 31484 | Snake:4  | Entered Level 4 of the Snake Pit
 31497 | Snake:4  | HP: 3/151 [spore (10)]
 31498 | Snake:4  | Reached skill level 16 in Fighting
 31508 | Snake:4  | Got a serpentine rune of Zot
 32362 | Snake:4  | Identified the +2 ring mail of the Chimera {Rampage rC+++
                  | Regen+ Dex-4}
 32378 | Snake:4  | Killed from afar by a naga mage

Illustrated notes

Levels and vault maps discovered:
D:1:      shiori_arrival_oz, layout_loops_ring,
          nicolae_ecumenical_snake_handling
D:2:      layout_basic, st_stairs_3
D:3:      layout_loops_ring, vehumet_altar_wand_db, kennysheep_flooded_box
D:4:      layout_loops_ring, bloody_makhleb, serial_shops, nicolae_shop_stone,
          nicolae_shop_rolling_square, shop, shop, shop, uniq_robin
D:5:      layout_layer_cave, grunt_temple_overflow_order_and_chaos_1,
          nicolae_gozag_seed_capital, uniq_grinder, uniq_menkaure, uniq_ijyb
D:6:      layout_basic, kennysheep_little_box, nicolae_ashenzari_skybound,
          pdpol_wu_jian_five_deadly_venoms, nicolae_overflow_squiral,
          kennysheep_generic_room_3, uniq_sigmund
D:7:      layout_loops_ring, temple_statues
D:8:      minmay_bloctagon, layout_basic, fedhas_bush_and_centaur_altar,
          nicolae_uskayaw_dance_studio, lair_entry_dummy
D:9:      layout_roguey, nicolae_dithmenos_through_a_glass_darkly, orc_david_3
D:10:     layout_basic, mainiacjoe_overflow_boulevard, uniq_harold
D:11:     layout_gridville, minmay_diced_spiral, uniq_erolcha, uniq_grum
D:12:     layout_small_grid, serial_shops, nicolae_shop_window_shopping,
          nicolae_shop_waterfront, dreamdust_wishing_well
D:13:     layout_loops_cross, david_vaults_2, grunt_ministairs_5
D:14:     layout_long_grid, nemelex_lonely_heart_becter,
          hellmonk_guarded_unrand_lears, uniq_azrael
D:15:     hellmonk_depths_entry_around_the_bend, layout_basic,
          grunt_decor_arrowhead
Lair:1:   layout_loops_ring, wad_woods_river_01, serial_bayou_shore_a
Lair:2:   layout_regular_city, gauntlet_entry_generic,
          chequers_serial_rivers_micro_b, minmay_lair_oklob_bushes,
          nicolae_lair_lindhole
Lair:3:   layout_gridlike, nicolae_swamp_entry_splash_gauntlet,
          minmay_snake_entry_six_corridors, infiniplex_staircase_pool_2,
          serial_bayou_shore_b, serial_bayou_shore_b
Lair:4:   layout_gridlike, serial_bayou_shore_b, grunt_megastairs_5,
          serial_bayou_shore_b, lemuel_fruit_tree, lemuel_fruit_fields,
          uniq_josephine
Lair:5:   hangedman_lair_caniforms_friends, layout_long_grid,
          minmay_slime_entry_pillars, wad_woods_river_03
Snake:1:  layout_layer_cave, serial_shops, nicolae_shop_mannequins, shop, shop,
          nicolae_shop_temple_entry_statues_fountains, minmay_shop_grove,
          grunt_megastairs_3
Snake:2:  layout_cave_pods, drop_trap
Snake:3:  layout_misc_corridors, grunt_ministairs_12,
          nicolae_snake_gridmaze_waves, nicolae_snake_dead_anacondas,
          uniq_asterion, uniq_aizul, uniq_mara, uniq_saint_roka
Snake:4:  grunt_snake_rune_pools, layout_rooms, serial_shops, shop
Orc:1:    layout_caves, basic_altar, uniq_sonja
Orc:2:    grunt_orc_tribal_feast, layout_caves, serial_shops, shop,
          nicolae_shop_window_shopping

Skill      XL: |  1  2  3  4  5  6  7  8  9 10 11 12 13 14 15 16 17 18 |
---------------+-------------------------------------------------------+-----
Invocations    | 1 2 3 4 5 6 7 8 9 10 11 12 13 | 13.9
Short Blades   | 1 2 3 4 5 6 7 8 9 10 11 12 | 12.8
Long Blades    | 1 2 3 4 5 6 7 8 9 10 11 12 | 12.8
Maces & Flails | 1 2 3 4 5 6 7 8 9 10 11 12 | 12.8
Polearms       | 1 2 3 4 5 6 7 8 9 10 11 12 | 12.8
Staves         | 1 2 3 4 5 6 7 8 9 10 11 12 | 12.8
Ranged Weapons | 1 2 3 4 5 6 7 8 9 10 11 12 | 12.8
Throwing       | 1 2 3 4 5 6 7 8 9 10 11 12 | 12.8
Stealth        | 1 2 3 4 5 6 7 8 9 10 11 12 | 12.8
Shields        | 1 2 3 4 5 6 7 8 9 10 11 12 | 12.8
Unarmed Combat | 1 2 3 4 5 6 7 8 9 10 11 12 | 12.8
Spellcasting   | 1 2 3 4 5 6 7 8 9 10 11 12 | 12.8
Evocations     | 1 2 3 4 5 6 7 8 9 10 11 12 | 12.8
Shapeshifting  | 1 2 3 4 5 6 7 8 9 10 11 | 11.8
Conjurations   | 1 2 3 4 5 6 7 8 9 10 | 10.8
Hexes          | 1 2 3 4 5 6 7 8 9 10 | 10.8
Summonings     | 1 2 3 4 5 6 7 8 9 10 | 10.8
Necromancy     | 1 2 3 4 5 6 7 8 9 10 | 10.8
Translocations | 1 2 3 4 5 6 7 8 9 10 | 10.8
Fire Magic     | 1 2 3 4 5 6 7 8 9 10 | 10.8
Ice Magic      | 1 2 3 4 5 6 7 8 9 10 | 10.8
Air Magic      | 1 2 3 4 5 6 7 8 9 10 | 10.8
Earth Magic    | 1 2 3 4 5 6 7 8 9 10 | 10.8
Alchemy        | 1 2 3 4 5 6 7 8 9 10 | 10.8
Armour         | 5 6 7 8 9 10 11 12 14 15 | 15.9
Dodging        | 5 6 7 8 9 10 11 12 13 | 13.5
Fighting       | 7 8 9 10 11 12 13 14 15 16 | 16.3
Axes           | 7 8 9 10 11 12 13 14 | 14.2

Action                     |  1- 3 |  4- 6 |  7- 9 | 10-12 | 13-15 | 16-18 || total
---------------------------+-------+-------+-------+-------+-------+-------++-------
  Melee: Hand axe          |    86 |   108 |       |       |       |       ||   194
         Bite              |     7 |    19 |    30 |    90 |   122 |   116 ||   384
         Punch             |       |     1 |       |       |       |       ||     1
         War axe           |       |    73 |   197 |   526 |   797 |   886 ||  2479
         Flail             |       |       |       |   224 |    45 |       ||   269
  Throw: Dart              |       |       |     3 |     3 |     5 |     2 ||    13
         Boomerang         |       |       |       |    10 |    12 |    16 ||    38
         Javelin           |       |       |       |       |     1 |       ||     1
 Invoke: Berserk           |       |     2 |     4 |    13 |    14 |    13 ||    46
         Trog's Hand       |       |     1 |     3 |     5 |     9 |     9 ||    27
         Brothers in Arms  |       |       |       |       |     1 |     2 ||     3
  Evoke: Wand              |       |       |     2 |     1 |     7 |     1 ||    11
         Sack of spiders   |       |       |       |       |     2 |       ||     2
    Use: Scroll            |       |     3 |    10 |     9 |    13 |     2 ||    37
         Potion            |       |       |       |       |     1 |     4 ||     5
   Stab: Sleeping          |     3 |     4 |       |       |       |     4 ||    11
         Invisible         |       |       |       |     2 |       |       ||     2
         Distracted        |       |       |       |     1 |    21 |    20 ||    42
 Armour: Animal skin       |    19 |    17 |       |       |       |       ||    36
         Ring mail         |       |    28 |     2 |       |       |       ||    30
         Chain mail        |       |       |    77 |    59 |    28 |   287 ||   451
         Plate armour      |       |       |       |   480 |   379 |       ||   859
  Dodge: Dodged            |    67 |   136 |   173 |   475 |   693 |   616 ||  2160
  Block: Buckler           |       |    22 |    48 |   207 |   207 |    74 ||   558
         Tower shield      |       |       |       |       |       |   634 ||   634

Table legend: (Time is in decaauts)
 A = Elapsed time spent in this place.
 B = Non-inter-level travel time spent in this place.
 C = Inter-level travel time spent in this place.
 D = Time resting spent in this place.
 E = Time spent auto-exploring this place.
 F = Levels seen in this place.
 G = Mean time per level.
                   A        B        C        D        E       F      G
               +--------+--------+--------+--------+--------+-----+--------+
         Total |  32876 |  30569 |   2307 |   3258 |  20936 |  27 | 1217.6 |
       Dungeon |  15864 |  14425 |   1439 |    672 |  10989 |  15 | 1057.6 |
          Lair |   7723 |   7163 |    560 |    710 |   4931 |   5 | 1544.6 |
     Snake Pit |   6235 |   6024 |    211 |   1080 |   3508 |   4 | 1558.8 |
  Orcish Mines |   1884 |   1788 |     96 |    296 |   1139 |   2 |  942.0 |
      Gauntlet |   1168 |   1168 |      0 |    498 |    368 |   1 | 1168.0 |
               +--------+--------+--------+--------+--------+-----+--------+

Top non-repeatable levels by time:
 Snake:1: 2500 daAuts
  Lair:5: 2413 daAuts
     D:5: 1828 daAuts
  Lair:1: 1788 daAuts
 Snake:2: 1540 daAuts
     D:9: 1319 daAuts
    D:15: 1317 daAuts
 Snake:3: 1302 daAuts
     D:6: 1275 daAuts
  Lair:2: 1271 daAuts
   Orc:2: 1254 daAuts
     D:8: 1219 daAuts
  Lair:3: 1178 daAuts
    D:14: 1172 daAuts
Gauntlet: 1168 daAuts
